 Dungeon Crawl Stone Soup version 0.17-a0-802-g1f09329 (webtiles) character file.

394 Lokkij the Poker (level 6, 0/30 HPs)
             Began as a Vine Stalker Warper on Apr 26, 2015.
             Was a Follower of Ashenzari.
             Slain by Sigmund
             ... wielding a +6 scythe of protection
              (5 damage)
             ... on level 2 of the Dungeon.
             The game lasted 00:14:13 (3448 turns).

Lokkij the Poker (Vine Stalker Warper)              Turns: 3448, Time: 00:14:14

Health: 0/30       AC: 12    Str: 14    XL:     6   Next: 81%
Magic:  0/10       EV: 16    Int: 15    God:    Ashenzari [*.....]
Gold:   148        SH:  0    Dex: 18    Spells: 4 memorised, 1 level left

rFire  . . .     SeeInvis .     t - +0 trident
rCold  . . .     Clarity  .     v - +0 ring mail
rNeg   . . .     SustAb   .     (no shield)
rPois  .         Gourm    .     u - +2 hat (curse)
rElec  .         Spirit   +     n - +1 cloak (curse)
rCorr  .         Warding  .     (no gloves)
rMut   .         Stasis   .     r - +1 pair of boots
MR     .....                    (no amulet)
Stlth  ++........               (no ring)
                                (no ring)

@: agile, not resistant to hostile enchantments, unstealthy
A: fangs 2, regeneration 2, shaggy fur 1, magic shield, antimagic bite, no
device heal 3, rot immunity
a: Renounce Religion


You were on level 2 of the Dungeon.
You worshipped Ashenzari.
Ashenzari was aware of your devotion.
You were not hungry.

You visited 1 branch of the dungeon, and saw 5 of its levels.

You collected 148 gold pieces.

Inventory:

Hand weapons
 a - a +0 spear
 t - a +0 trident (weapon)
Missiles
 e - 3 tomahawks of dispersal (quivered)
 l - 5 tomahawks
Armour
 m - a +0 buckler
 n - a cursed +1 cloak (worn)
 r - a +1 pair of boots (worn)
 u - a cursed +2 hat (worn)
 v - a +0 ring mail (worn)
Magical devices
 d - a wand of slowing (10)
Scrolls
 b - a scroll of magic mapping
 g - a scroll of remove curse
 i - a scroll of enchant armour {unknown}
 o - 3 scrolls of identify
 p - 2 scrolls of random uselessness {unknown}
 q - 5 scrolls of recharging
 s - 2 scrolls of fog {unknown}
 w - a scroll of curse jewellery
Potions
 x - a potion of resistance {unknown}
Books
 c - a book of Spatial Translocations

   Spells                             Type                      Level
   a - Apportation                    Translocation                1
   b - Blink                          Translocation                2
   c - Shroud of Golubria             Charms/Translocation         2
   d - Portal Projectile              Translocation                3
   e - Teleport Other                 Translocation                3
   f - Passage of Golubria            Translocation                4
 h - a book of Frost

   Spells                             Type                      Level
   a - Freeze                         Ice                          1
   b - Throw Frost                    Conjuration/Ice              2
   c - Ozocubu's Armour               Charms/Ice                   3
   d - Throw Icicle                   Conjuration/Ice              4
   e - Summon Ice Beast               Ice/Summoning                4
   f - Condensation Shield            Ice                          4
Comestibles
 f - 2 bread rations
 k - a meat ration


   Skills:
 - Level 1.7 Fighting
 * Level 5.3 Polearms
 - Level 0.8 Throwing
 - Level 0.7 Armour
 - Level 1.5 Dodging
 - Level 2.1 Spellcasting
 + Level 2.2 Charms
 - Level 4.2 Translocations


You had one spell level left.
You knew the following spells:

 Your Spells              Type           Power        Failure   Level  Hunger
a - Apportation           Tloc           ##........   10%         1    #......
b - Blink                 Tloc           N/A          14%         2    ###....
c - Shroud of Golubria    Chrm/Tloc      ##........   21%         2    ###....
d - Ozocubu's Armour      Chrm/Ice       #.......     85%         3    ###....


Dungeon Overview and Level Annotations

Branches:
Dungeon (5/15)
 Temple: D:4-7

Altars:
Ashenzari
Dithmenos
Fedhas
Makhleb
Qazlal
Xom

Annotations:
D:2 Sigmund
D:4 1 exclusion


Innate Abilities, Weirdness & Mutations

You have extremely sharp teeth.
You heal very quickly.
You are covered in fur (AC +1).
When hurt, damage is shared between your health and your magic reserves.
Your bite disrupts and absorbs the magic of your enemies.
Potions and wands cannot restore your health.
You are immune to rotting.


Message History

Sigmund is heavily wounded.
You hit Sigmund but do no damage.
Sigmund is heavily wounded.
Sigmund casts a spell at you. The puff of flame hits you!
You closely miss Sigmund.
Sigmund is heavily wounded.
Sigmund casts a spell.
Sigmund flickers and vanishes!
Deactivating autopickup; reactivate with Ctrl-A.
Drink which item? (? for menu, Esc to quit)
Okay, then.
Casting: Shroud of Golubria
Confirm with . or Enter, or press ? or * to list all spells.
Space distorts slightly along a thin shroud covering your body.
Something closely misses you.
You closely miss something. You bite something. Something hits you!
* * * LOW HITPOINT WARNING * * *
You hit something. You bite something. Something hits you.
You die...

##.......# ###........#
............# #
#............#######.#
...................>>.#.
#......................
#..............)#######
#...............# .
#....{@.........# .
#...............# .
...###.##........# .. .
...##.######## #
.....#.# ....
......#+##....#
..............#
....#..?.....###
....#...........


There were no monsters in sight!

Vanquished Creatures
  A centaur (D:3)
  A crimson imp (D:4)
  A hound (D:4)
  An orc wizard (D:4)
  A worker ant (D:4)
  2 iguanas (D:4)
  7 adders
  A gnoll (D:4)
  4 giant geckos
  3 orcs (D:4)
  7 giant cockroaches
  5 goblins
  10 hobgoblins
  2 ball pythons
  10 bats
  6 giant newts
  4 jackals (D:1)
  13 kobolds
  5 rats
84 creatures vanquished.

Vanquished Creatures (others)
  A giant frog skeleton (D:4)
1 creature vanquished.

Grand Total: 85 creatures vanquished

Notes
Turn   | Place    | Note
--------------------------------------------------------------
     0 | D:1      | Lokkij, the Vine Stalker Warper, began the quest for the Orb.
     0 | D:1      | Reached XP level 1. HP: 11/11 MP: 4/4
   119 | D:1      | Reached XP level 2. HP: 13/15 MP: 6/6
   263 | D:1      | Reached XP level 3. HP: 15/18 MP: 7/7
   277 | D:1      | Learned a level 2 spell: Blink
   280 | D:1      | Learned a level 2 spell: Shroud of Golubria
   599 | D:2      | Noticed Sigmund
  1034 | D:2      | Reached XP level 4. HP: 23/23 MP: 8/8
  1316 | D:3      | Noticed a centaur
  1329 | D:3      | Killed a centaur
  1329 | D:3      | Reached skill level 4 in Translocations
  1329 | D:3      | Reached XP level 5. HP: 9/26 MP: 9/9
  2197 | D:4      | Found a shadowy altar of Dithmenos.
  2203 | D:4      | Found a shattered altar of Ashenzari.
  2207 | D:4      | Found a shimmering altar of Xom.
  2225 | D:4      | Became a worshipper of Ashenzari the Shackled
  2305 | D:4      | Reached skill level 1 in Charms
  2351 | D:4      | Gained mutation: You heal very quickly. [Vine Stalker growth]
  2351 | D:4      | Reached XP level 6. HP: 30/30 MP: 10/10
  2356 | D:4      | Learned a level 3 spell: Ozocubu's Armour
  2508 | D:4      | Found a burning altar of Makhleb.
  2512 | D:4      | Found a stormy altar of Qazlal.
  2512 | D:4      | Noticed a fire elemental
  3002 | D:4      | Found a blossoming altar of Fedhas.
  3289 | D:4      | Reached skill level 5 in Polearms
  3333 | D:5      | Entered Level 5 of the Dungeon
  3448 | D:2      | Slain by Sigmund

Action                   |  1- 3 |  4- 6 || total
-------------------------+-------+-------++-------
Melee: Spear             |   225 |    71 ||   296
       Trident           |       |   170 ||   170
Throw: Tomahawk          |     2 |       ||     2
 Cast: Shroud of Golubri |     1 |     2 ||     3
Evoke: Wand              |       |     4 ||     4
  Use: Potion            |     7 |     4 ||    11
       Scroll            |     1 |     5 ||     6
 Stab: Sleeping          |       |     1 ||     1
  Eat: Chunk             |       |     5 ||     5
       Meat ration       |       |     1 ||     1
